[Event "Titled Tuesday Blitz June 21 Early 2022"]
[White "Coto Mederos, Michel"]
[Black "Marn, Jan"]
[WhiteFideId "3508528"]
[BlackFideId "14619245"]
[WhiteElo "2427"]
[BlackElo "2105"]
[Result "1-0"]
[Round "05"]
[TimeControl "180+1"]
[Date "2022.06.22"]
[WhiteClock "0:00:07"]
[BlackClock "0:00:10"]

1. c4 g6 2. Nc3 c5 3. Nf3 Bg7 4. e3 Nf6 5. d4 cxd4 6. exd4 d5 7. cxd5 Nxd5 8. Be2 O-O 9. O-O Nc6 10. Re1 a6 11. h3 b5 12. Ne4 Nb6 13. Be3 Bf5 14. Nc5 Qd6 15. Rc1 Na5 16. b3 Rfc8 17. Ne5 Nc6 18. Nb7 Qf6 19. Bf3 Nb4 20. Qd2 N4d5 21. Bg5 Qe6 22. Nc6 Rxc6 23. Rxe6 Rxc1+ 24. Qxc1 Bxe6 25. Nc5 Bf5 26. g4 Bc8 27. Nd3 Bxd4 28. Bxd5 Nxd5 29. Qc6 Nb6 30. Be3 Bxe3 31. fxe3 Rb8 32. Qc7 Rb7 33. Qd8+ Kg7 34. Qd4+ f6 35. Nc5 Rc7 36. Kf2 Kf7 37. Kg3 Rc6 38. a4 Rd6 39. Qc3 Nd5 40. Qc1 bxa4 41. bxa4 a5 42. Qc4 e6 43. Ne4 Rd8 44. Nc3 Nxc3 45. Qxc3 Bd7 46. Qxa5 Ke7 47. Qc5+ Ke8 48. a5 Ra8 49. Qb6 Rc8 50. a6 Rc1 51. a7 Bc6 52. Qxc6+ Rxc6 53. a8=Q+ Kd7 54. Qb7+ Rc7 55. Qb5+ Ke7 56. Qb4+ Kf7 57. Qd6 Re7 58. h4 h6 59. h5 g5 60. Qd8 Re8 61. Qd6 Re7 62. e4 e5 63. Qd5+ Kg7 64. Qd6 Rf7 65. Qe6 Kg8 66. Kf3 Kg7 67. Ke3 Ra7 68. Kd3 Ra3+ 69. Kc4 Ra4+ 70. Kd5 Ra5+ 71. Kc4 Ra4+ 72. Kd3 Ra3+ 73. Kd2 Ra7 74. Qd6 Rb7 75. Kc3 Ra7 76. Kc4 Ra4+ 77. Kc3 Ra7 78. Kb4 Rb7+ 79. Kc5 Ra7 80. Kd5 Rf7 81. Ke6 Ra7 82. Qe7+ Rxe7+ 83. Kxe7 f5 84. exf5 e4 85. f6+ Kh7 86. f7 e3 87. f8=Q e2 88. Qf7+ Kh8 89. Qe6 Kg7 90. Qxe2 Kh8 91. Qe6 Kg7 92. Qe5+ Kh7 93. Kf6 Kg8 94. Qe8+ Kh7 95. Qe7+ Kg8 96. Qg7# 1-0


[Site "https://www.chess.com"]

[Event "Titled Tuesday Blitz June 21 Early 2022"]
[White "Cramling Bellon, Anna"]
[Black "Ciuffoletti, Paolo"]
[WhiteFideId "32009232"]
[BlackFideId "807630"]
[WhiteElo "1905"]
[BlackElo "2143"]
[Result "1-0"]
[Round "05"]
[TimeControl "180+1"]
[Date "2022.06.22"]
[WhiteClock "0:00:03"]
[BlackClock "0:00:01"]

1. d4 d5 2. c4 c6 3. Nf3 Nf6 4. Nc3 dxc4 5. a4 e6 6. e4 Bb4 7. e5 Nd5 8. Qc2 b5 9. Bd2 f5 10. Nxd5 Bxd2+ 11. Qxd2 Qxd5 12. axb5 cxb5 13. b3 cxb3 14. Rc1 O-O 15. Rc5 Qe4+ 16. Be2 Qb1+ 17. Rc1 Qa2 18. O-O Bb7 19. Ra1 Qxd2 20. Nxd2 a6 21. Nxb3 Nd7 22. Rfc1 Rfc8 23. Nc5 Nxc5 24. dxc5 Bd5 25. Bf3 Bxf3 26. gxf3 Rc6 27. f4 Rac8 28. Kg2 Kf7 29. Kf3 g5 30. fxg5 Rxc5 31. Rxc5 Rxc5 32. Rxa6 Rxe5 33. Ra7+ Kg6 34. h4 Rc5 35. Re7 e5 36. Re6+ Kg7 37. Re7+ Kg8 38. Re8+ Kf7 39. Rb8 Rc3+ 40. Kg2 Rc4 41. Rb7+ Kg6 42. Rb6+ Kh5 43. Rh6+ Kg4 44. Rxh7 f4 45. f3+ Kf5 46. Rf7+ Kg6 47. Rf6+ Kg7 48. Re6 Rc5 49. h5 b4 50. h6+ Kg8 51. g6 Rc8 52. Re7 b3 53. Rb7 Re8 54. Rxb3 Kh8 55. Rb7 Kg8 56. h7+ Kh8 57. Kf2 Rd8 58. Ke2 1-0


[Site "https://www.chess.com"]

[Event "Titled Tuesday Blitz June 21 Early 2022"]
[White "Curtis, John"]
[Black "Karas, Marek"]
[WhiteFideId "3200256"]
[BlackFideId "14928558"]
[WhiteElo "2203"]
[BlackElo "2271"]
[Result "0-1"]
[Round "05"]
[TimeControl "180+1"]
[Date "2022.06.22"]
[WhiteClock "0:00:17"]
[BlackClock "0:01:48"]

1. c4 e5 2. Nc3 Nf6 3. Nf3 Nc6 4. g3 Bb4 5. Nd5 Bc5 6. d3 O-O 7. Bg2 h6 8. O-O d6 9. a3 a5 10. Bd2 Bg4 11. h3 Bf5 12. e4 Be6 13. b4 axb4 14. axb4 Rxa1 15. Qxa1 Bd4 16. Nxd4 Nxd4 17. Nxf6+ Qxf6 18. Be3 Nc2 19. Qa7 Nxb4 20. Qxb7 Nxd3 21. Qxc7 Qd8 22. Qxd8 Rxd8 23. Bb6 Rc8 24. Rd1 Bxc4 25. Bf1 Nb2 26. Rxd6 Bxf1 27. Kxf1 f6 28. Rd8+ Rxd8 29. Bxd8 Nc4 30. Ke2 Kf7 31. Bc7 Ke6 32. Bb8 Na5 33. Ba7 Nc6 34. Be3 h5 35. Kd3 g6 36. g4 hxg4 37. hxg4 Nb4+ 38. Kc4 Nc6 39. Kd3 Nb8 40. f3 Nd7 41. Kc4 Kd6 42. Ba7 Kc6 43. Be3 Nf8 44. g5 f5 45. f4 exf4 46. Bxf4 fxe4 47. Kd4 Ne6+ 48. Kxe4 Nxf4 49. Kxf4 Kd5 50. Kf3 Ke5 51. Kg4 Ke4 52. Kh4 Kf4 53. Kh3 Kf5 54. Kh4 Ke4 55. Kg4 Ke3 56. Kg3 Ke4 57. Kg4 Ke5 58. Kh4 Kf5 59. Kh3 Kxg5 60. Kg3 Kf5 61. Kf3 Ke6 62. Kg4 Kf6 63. Kf4 g5+ 64. Kg4 Kg6 65. Kg3 Kf5 66. Kf3 g4+ 67. Kg2 Kg5 68. Kg3 Kh5 69. Kg2 Kh4 70. Kh2 g3+ 71. Kg2 Kg4 72. Kg1 Kf5 73. Kf1 Ke4 74. Ke2 Kf4 75. Ke1 Ke3 76. Kf1 Kf3 77. Kg1 g2 78. Kh2 Kf2 79. Kh3 g1=Q 80. Kh4 Qg6 81. Kh3 Qg3# 0-1


[Site "https://www.chess.com"]

[Event "Titled Tuesday Blitz June 21 Early 2022"]
[White "Devaev, Alexander"]
[Black "Gatterer, Florian"]
[WhiteFideId "4169395"]
[BlackFideId "811688"]
[WhiteElo "2185"]
[BlackElo "2218"]
[Result "1-0"]
[Round "05"]
[TimeControl "180+1"]
[Date "2022.06.22"]
[WhiteClock "0:00:07"]
[BlackClock "0:00:01"]

1. Nf3 g6 2. d4 Bg7 3. c4 Nf6 4. Nc3 d5 5. Bg5 Ne4 6. cxd5 Nxg5 7. Nxg5 e6 8. Nf3 exd5 9. b4 c6 10. Qb3 O-O 11. e3 a6 12. Be2 Bg4 13. O-O Nd7 14. a4 Nf6 15. b5 axb5 16. axb5 Ne4 17. bxc6 bxc6 18. Qc2 Nxc3 19. Qxc3 Bxf3 20. Bxf3 Rxa1 21. Rxa1 Qd7 22. Qc5 Rc8 23. Ra7 Qe6 24. g3 Bf8 25. Qa5 c5 26. Ra6 Qf5 27. Kg2 cxd4 28. exd4 h5 29. Qxd5 Qxd5 30. Bxd5 Rd8 31. Rxg6+ Kh7 32. Rg5 f6 33. Rxh5+ Kg6 34. Bf3 Rxd4 35. Rb5 Rb4 36. Rd5 Rb2 37. h4 Bb4 38. Be4+ Kf7 39. Rf5 Be1 40. Rf3 Ke6 41. Bf5+ Kd6 42. Bh7 Bb4 43. Rxf6+ Ke5 44. Rf3 Bc5 45. Rf5+ Kd6 46. Bg8 Bb6 47. Rd5+ Ke7 48. Rf5 Bd4 49. Rf3 Rb8 50. Bd5 Rb2 51. Be4 Kd6 52. g4 Ke5 53. Bf5 Bc5 54. g5 Bd4 55. Bg4 Rb4 56. Rf5+ Ke4 57. Rf7 Be5 58. Bf5+ Kd4 59. Bg4 Ke4 60. Be2 Kd4 61. Bf3 Kc5 62. h5 Kd6 63. h6 Rb8 64. g6 Rh8 65. h7 Ke6 66. Rb7 Bf6 67. Bg4+ Ke5 68. Rb6 Bg7 69. f3 Kf4 70. Re6 Kg5 71. Kg3 Kh6 72. Kh4 Rd8 73. Ra6 Rd1 74. Kg3 Rh1 75. Kf4 Re1 76. Kf5 Be5 77. Ra4 Bg7 78. Re4 Rxe4 79. fxe4 1-0


[Site "https://www.chess.com"]

[Event "Titled Tuesday Blitz June 21 Early 2022"]
[White "Deviprasath, Sharvesh"]
[Black "Aslanov, Umid"]
[WhiteFideId "30938228"]
[BlackFideId "13412620"]
[WhiteElo "2102"]
[BlackElo "1796"]
[Result "1-0"]
[Round "05"]
[TimeControl "180+1"]
[Date "2022.06.22"]
[WhiteClock "0:00:12"]
[BlackClock "0:00:08"]

1. Nf3 d5 2. c4 e6 3. e3 Nf6 4. Nc3 Be7 5. b3 dxc4 6. Bxc4 c5 7. Bb2 O-O 8. O-O Nc6 9. d4 cxd4 10. exd4 b6 11. Re1 Na5 12. Bd3 h6 13. Rc1 Bb7 14. Bb1 Rc8 15. Qd2 Bxf3 16. gxf3 Bb4 17. Qd3 Nc6 18. Rcd1 Ne7 19. Kh1 Bxc3 20. Bxc3 Ned5 21. Bd2 Qd6 22. Rg1 Nf4 23. Bxf4 Qxf4 24. Rg4 Qf5 25. Qxf5 exf5 26. Rg3 Nh5 27. Rgg1 Nf4 28. Bxf5 Rcd8 29. Be4 f5 30. Bd3 Kh7 31. Bc4 Rd6 32. Rge1 Rfd8 33. Re7 Rxd4 34. Rg1 Ng6 35. Rxa7 Rd1 36. h3 Rxg1+ 37. Kxg1 Nf4 38. a4 Nxh3+ 39. Kh2 Nxf2 40. Rb7 f4 41. Rxb6 Rd2 42. Kg1 Nh3+ 43. Kf1 Rf2+ 44. Ke1 Rxf3 45. a5 Re3+ 46. Kd2 Re7 47. a6 f3 48. Rb7 Re5 49. b4 f2 50. a7 Rd5+ 51. Kc2 Rd4 52. Bf1 Rd8 53. Rb8 Rd2+ 54. Kxd2 Nf4 55. a8=Q Kg6 56. Ke3 Nd5+ 57. Kxf2 Nc7 58. Qb7 Ne6 59. Bd3+ Kf6 60. Qc6 Ke5 61. Rb5+ Kd4 62. Qxe6 Kxd3 63. Rd5+ Kc4 64. b5 Kb4 65. Qc6 Ka4 66. b6+ Ka3 67. b7 g5 68. b8=Q g4 69. Ra5# 1-0


[Site "https://www.chess.com"]

[Event "Titled Tuesday Blitz June 21 Early 2022"]
[White "Do Nascimento,Christian Almeida"]
[Black "Glavina, Pablo"]
[WhiteFideId "2143801"]
[BlackFideId "100234"]
[WhiteElo "2085"]
[BlackElo "2369"]
[Result "1-0"]
[Round "05"]
[TimeControl "180+1"]
[Date "2022.06.22"]
[WhiteClock "0:00:58"]
[BlackClock "0:00:35"]

1. e4 c5 2. Nf3 d6 3. Nc3 Nf6 4. d4 cxd4 5. Nxd4 a6 6. Bc4 e6 7. Bb3 Be7 8. Be3 O-O 9. Qe2 b5 10. f3 Bb7 11. O-O-O Nbd7 12. g4 Nb6 13. h4 Rc8 14. h5 Nc4 15. Bxc4 Rxc4 16. g5 Nd7 17. g6 Qa5 18. Nb3 Qc7 19. h6 Bf6 20. hxg7 Bxg7 21. gxh7+ Kh8 22. Rdg1 Rc8 23. Rxg7 Kxg7 24. Qg2+ Kh8 25. Bh6 1-0


[Site "https://www.chess.com"]

[Event "Titled Tuesday Blitz June 21 Early 2022"]
[White "Dubov, Daniil"]
[Black "Paravyan, David"]
[WhiteFideId "24126055"]
[BlackFideId "4194985"]
[WhiteElo "2791"]
[BlackElo "2569"]
[Result "1-0"]
[Round "05"]
[TimeControl "180+1"]
[Date "2022.06.21"]
[WhiteClock "0:00:02"]
[BlackClock "0:00:01"]

1. e4 c6 2. d4 d5 3. exd5 cxd5 4. Bd3 Nf6 5. c3 Nc6 6. Bf4 Bg4 7. Qb3 Qd7 8. Nd2 e6 9. Ngf3 Bxf3 10. Nxf3 Bd6 11. Bxd6 Qxd6 12. O-O O-O 13. Rae1 Nd7 14. Re3 Rab8 15. Rfe1 b5 16. a3 g6 17. h4 Na5 18. Qd1 Nc4 19. R3e2 Qf4 20. b3 Nd6 21. Re3 a5 22. g3 Qh6 23. Ng5 b4 24. cxb4 axb4 25. a4 Qg7 26. Nf3 Rfc8 27. a5 Rc3 28. Bf1 Ne4 29. a6 Qf6 30. Qa1 Qd8 31. Ng5 Ndf6 32. Qa4 Qb6 33. Nxe4 Nxe4 34. Qd7 Rc7 35. Qa4 Nc3 36. Qa1 Nb5 37. Rd1 Ra7 38. Qc1 Rxa6 39. Bxb5 Qxb5 40. Rf3 Qd7 41. h5 Rc8 42. Qg5 Qd8 43. Rf6 Rac6 44. Rd3 Rc3 45. Rd2 h6 46. Qf4 g5 47. Qe5 Qc7 48. Rxh6 Qxe5 49. dxe5 Rf3 50. Rf6 Rxf6 51. exf6 Rc3 52. Rd4 Rxb3 53. Rg4 Rf3 54. Rxg5+ Kh8 55. Rg4 b3 56. Rb4 Rxf6 57. Rxb3 Kh7 58. Kg2 Kh6 59. g4 Rf4 60. Kg3 Rc4 61. f3 d4 62. Rb7 Kg7 63. Rd7 e5 64. g5 Rc6 65. g6 Rf6 66. Kg4 Rf4+ 67. Kg5 Kf8 68. Rd8+ Kg7 69. h6# 1-0


[Site "https://www.chess.com"]

[Event "Titled Tuesday Blitz June 21 Early 2022"]
[White "Durarbayli, Vasif"]
[Black "Skliarov, Viktor"]
[WhiteFideId "13402935"]
[BlackFideId "14106736"]
[WhiteElo "2528"]
[BlackElo "2229"]
[Result "1-0"]
[Round "05"]
[TimeControl "180+1"]
[Date "2022.06.21"]
[WhiteClock "0:00:08"]
[BlackClock "0:00:04"]

1. e4 c5 2. Nf3 Nc6 3. Bb5 e6 4. O-O Nge7 5. Re1 Nd4 6. Bf1 Ng6 7. c3 Nxf3+ 8. Qxf3 Be7 9. d4 cxd4 10. cxd4 O-O 11. Nc3 b6 12. g3 Bb7 13. h4 f5 14. h5 Nh8 15. d5 fxe4 16. Qxe4 Bc5 17. Bf4 Qf6 18. Bd3 g6 19. Re2 Rae8 20. Rf1 e5 21. Bxe5 Qg5 22. Kg2 d6 23. f4 Qxh5 24. Rh1 Qg4 25. b4 dxe5 26. bxc5 Rxf4 27. Qe3 Rd4 28. Rh4 Qd7 29. Rxd4 exd4 30. Qxe8+ Qxe8 31. Rxe8+ Kg7 32. Re7+ Kf6 33. Rxb7 dxc3 34. c6 1-0


[Site "https://www.chess.com"]

[Event "Titled Tuesday Blitz June 21 Early 2022"]
[White "Dwilewicz, Katarzyna"]
[Black "Rios Escobar, Adan"]
[WhiteFideId "1148486"]
[BlackFideId "3403645"]
[WhiteElo "1907"]
[BlackElo "2442"]
[Result "0-1"]
[Round "05"]
[TimeControl "180+1"]
[Date "2022.06.22"]
[WhiteClock "0:01:46"]
[BlackClock "0:01:04"]

1. e4 c5 2. Nc3 d6 3. f4 g6 4. Nf3 Nc6 5. Bb5 Bd7 6. O-O Bg7 7. d3 e6 8. Be3 Nge7 9. a4 O-O 10. Qe1 Nd4 11. Qf2 Nxf3+ 12. Qxf3 b6 13. Qf2 d5 14. d4 dxe4 15. Nxe4 Nf5 16. dxc5 Nxe3 17. Qxe3 Bxb5 18. axb5 Bd4 0-1


[Site "https://www.chess.com"]

[Event "Titled Tuesday Blitz June 21 Early 2022"]
[White "Escudero Donoso, Felipe"]
[Black "Clarke, Brandon G I"]
[WhiteFideId "3410595"]
[BlackFideId "400319"]
[WhiteElo "2184"]
[BlackElo "2414"]
[Result "0-1"]
[Round "05"]
[TimeControl "180+1"]
[Date "2022.06.22"]
[WhiteClock "0:01:44"]
[BlackClock "0:02:19"]

1. Nf3 Nf6 2. c4 g6 3. g3 Bg7 4. Bg2 O-O 5. O-O d6 6. d4 c6 7. Nc3 Qa5 8. e4 e5 9. d5 cxd5 10. cxd5 b5 11. a3 b4 12. axb4 Qxa1 13. Na4 Bd7 14. b3 Nxe4 15. Bb2 Qxd1 16. Rxd1 Na6 17. Ne1 f5 18. Nd3 Rab8 19. Rc1 Rfc8 0-1


[Site "https://www.chess.com"]

[Event "Titled Tuesday Blitz June 21 Early 2022"]
[White "Espinosa Veloz, Ermes"]
[Black "Samsonkin, Artiom"]
[WhiteFideId "3507424"]
[BlackFideId "13503111"]
[WhiteElo "2333"]
[BlackElo "2513"]
[Result "0-1"]
[Round "05"]
[TimeControl "180+1"]
[Date "2022.06.22"]
[WhiteClock "0:01:36"]
[BlackClock "0:00:15"]

1. e4 e6 2. d4 d5 3. Nc3 Nf6 4. e5 Nfd7 5. f4 c5 6. Nf3 Nc6 7. Be3 cxd4 8. Nxd4 Qb6 9. Qd2 Qxb2 10. Rb1 Qa3 11. Bb5 Nxd4 12. Bxd4 a6 13. Bxd7+ Bxd7 14. Rb3 Qe7 15. Rb5 axb5 16. O-O b4 17. Nd1 Bb5 18. Rf3 Qc7 19. Ne3 Bc5 20. f5 Bxd4 21. Qxd4 Qc3 22. Qh4 Rxa2 23. h3 Ra1+ 24. Kh2 Qxe5+ 25. Rg3 exf5 26. Qxb4 Bc6 27. Nxf5 Qxf5 28. Re3+ Qe6 29. Re5 Qxe5+ 0-1


[Site "https://www.chess.com"]

[Event "Titled Tuesday Blitz June 21 Early 2022"]
[White "Ferreira, Vitor Hugo Vieira"]
[Black "Yaksin, Oleg"]
[WhiteFideId "2119765"]
[BlackFideId "24105880"]
[WhiteElo "2165"]
[BlackElo "2256"]
[Result "1-0"]
[Round "05"]
[TimeControl "180+1"]
[Date "2022.06.22"]
[WhiteClock "0:00:12"]
[BlackClock "0:00:12"]

1. d4 Nf6 2. c4 e6 3. Nf3 b6 4. g3 Bb7 5. Bg2 Be7 6. O-O O-O 7. Nc3 Ne4 8. Bd2 Bf6 9. Rc1 d6 10. Nxe4 Bxe4 11. Bc3 Nd7 12. Ne1 Bxg2 13. Nxg2 Qe7 14. Nf4 g6 15. b4 Rfd8 16. e4 c5 17. bxc5 bxc5 18. d5 Bxc3 19. Rxc3 e5 20. Nd3 Rdb8 21. Rb3 Rxb3 22. axb3 Rb8 23. Qc2 Nf6 24. f3 Qb7 25. Rb1 a5 26. Qc3 Qb6 27. Rb2 Ne8 28. f4 f6 29. f5 g5 30. h4 h6 31. hxg5 hxg5 32. Nc1 Nc7 33. Rh2 Qb4 34. Qe3 Kg7 35. Ra2 Rh8 36. Ra4 Qb6 37. Qc3 Ra8 38. Ra2 Qb4 39. Qe3 a4 40. Rxa4 Rxa4 41. bxa4 Qxa4 42. Qb3 Qa1 43. Qc2 Na6 44. Kg2 Nb4 45. Qd2 Qb1 46. Kf3 Nc2 47. Ne2 Qb3+ 48. Kf2 Nb4 49. Ng1 Qxc4 50. Nf3 Qxe4 51. Nxg5 Nd3+ 52. Kg1 Qd4+ 53. Kf1 Nb4 54. Ne6+ Kf7 55. Nxd4 exd4 56. Qe2 d3 57. Qe6+ Kg7 58. Qxd6 d2 59. Ke2 Nc2 60. Kxd2 Nd4 61. Qe7+ Kg8 62. Qxf6 Nf3+ 63. Ke2 Nd4+ 64. Qxd4 cxd4 65. Kd3 Kf8 66. Kxd4 Ke7 67. Ke5 Kd7 68. g4 Ke8 69. g5 Kf8 70. g6 Kg8 71. f6 Kf8 72. d6 Ke8 73. g7 Kd7 74. g8=Q Kc6 75. f7 Kd7 76. f8=Q Kc6 77. Qc8+ Kb6 78. Qb3+ Ka5 79. Qa8# 1-0


[Site "https://www.chess.com"]

[Event "Titled Tuesday Blitz June 21 Early 2022"]
[White "Fier, Alexandr"]
[Black "Tari, Aryan"]
[WhiteFideId "2107139"]
[BlackFideId "1510045"]
[WhiteElo "2571"]
[BlackElo "2567"]
[Result "1/2-1/2"]
[Round "05"]
[TimeControl "180+1"]
[Date "2022.06.21"]
[WhiteClock "0:00:38"]
[BlackClock "0:00:09"]

1. d4 d5 2. c4 e6 3. Nc3 c5 4. cxd5 cxd4 5. Qxd4 Nc6 6. Qd1 exd5 7. e3 Nf6 8. Nf3 Bb4 9. Bd3 O-O 10. O-O Bg4 11. h3 Bxf3 12. Qxf3 Bxc3 13. bxc3 Ne5 14. Qd1 Ne4 15. Bb2 Nc4 16. Qc2 Re8 17. Bxc4 dxc4 18. Rad1 Qe7 19. Rd4 Rac8 20. Rfd1 Nf6 21. a4 b6 22. Qc1 h6 23. Ba3 Qe5 24. Qb2 Ne4 25. f3 Ng5 26. e4 Ne6 27. R4d2 Qg5 28. Bd6 Red8 29. Qb5 Qe3+ 30. Kh2 Qxc3 31. Bb4 Rxd2 32. Rxd2 Qe3 33. Rc2 c3 34. Qe5 Rc4 35. Bxc3 Rc5 36. Qb8+ Kh7 37. Bd2 Qd4 38. Ra2 Qc4 39. Ra3 Qe2 40. Qd6 Rc2 41. Rd3 Nc5 42. Rd5 Nb3 43. Qf4 Rxd2 44. Qf5+ Kg8 45. Qc8+ Kh7 46. Qf5+ Kg8 47. Qc8+ Kh7 48. Qf5+ 1/2-1/2


[Site "https://www.chess.com"]

[Event "Titled Tuesday Blitz June 21 Early 2022"]
[White "Fromm, Marius"]
[Black "Matyukov, Petr"]
[WhiteFideId "12993190"]
[BlackFideId "4103688"]
[WhiteElo "2274"]
[BlackElo "2278"]
[Result "1-0"]
[Round "05"]
[TimeControl "180+1"]
[Date "2022.06.22"]
[WhiteClock "0:02:55"]
[BlackClock "0:00:04"]

1. e4 c5 2. Nf3 g6 3. d4 cxd4 4. Qxd4 Nf6 5. Nc3 Bg7 6. e5 Nc6 7. Qa4 Nd5 8. Nxd5 O-O 9. Bf4 e6 10. Nf6+ Bxf6 11. exf6 Qxf6 12. O-O-O b5 13. Bxb5 a6 14. Bxc6 dxc6 15. Be5 Qe7 16. Bd6 Bb7 17. Bxe7 Rfe8 18. Rd7 f5 19. Qd4 h5 20. Bg5 e5 21. Nxe5 Re6 22. Nxc6 Bxc6 23. Qg7# 1-0


[Site "https://www.chess.com"]

[Event "Titled Tuesday Blitz June 21 Early 2022"]
[White "Garcia Cuenca, Victor"]
[Black "Thiel, Thomas"]
[WhiteFideId "2250829"]
[BlackFideId "4615964"]
[WhiteElo "2317"]
[BlackElo "2222"]
[Result "1-0"]
[Round "05"]
[TimeControl "180+1"]
[Date "2022.06.22"]
[WhiteClock "0:01:14"]
[BlackClock "0:00:48"]

1. d4 Nf6 2. Bf4 d5 3. e3 c5 4. c3 Nc6 5. Nd2 g6 6. Ngf3 cxd4 7. exd4 Bg7 8. Bd3 O-O 9. h3 Re8 10. O-O b6 11. Re1 Bb7 12. Qe2 Nd7 13. Ne5 Ndxe5 14. dxe5 e6 15. Nf3 Qc7 16. h4 h6 17. h5 g5 18. Bg3 Na5 19. Nd4 Nc4 20. b3 Na5 21. Rac1 Rac8 22. f4 gxf4 23. Bxf4 Nc6 24. Qe3 Qe7 25. Bxh6 Bxe5 26. Nxc6 1-0


[Site "https://www.chess.com"]

[Event "Titled Tuesday Blitz June 21 Early 2022"]
[White "Goltsev, Dmitry"]
[Black "Agibileg, Uurtsaikh"]
[WhiteFideId "24176710"]
[BlackFideId "4901606"]
[WhiteElo "2258"]
[BlackElo "2205"]
[Result "0-1"]
[Round "05"]
[TimeControl "180+1"]
[Date "2022.06.21"]
[WhiteClock "0:00:05"]
[BlackClock "0:00:09"]

1. e4 c5 2. Nf3 e6 3. d4 cxd4 4. Nxd4 Nc6 5. Nc3 Qc7 6. Be2 a6 7. O-O Nf6 8. Be3 Be7 9. f4 d6 10. Bf3 O-O 11. g4 Nxd4 12. Bxd4 e5 13. Be3 exf4 14. Bxf4 Be6 15. Qd2 Nd7 16. Nd5 Bxd5 17. exd5 Bf6 18. c3 Be5 19. Be3 Rae8 20. Rae1 Nc5 21. Bd4 Bxd4+ 22. Qxd4 Nd7 23. h3 Ne5 24. Bg2 Re7 25. Re2 Rfe8 26. Ref2 Qc4 27. Rf4 Qxa2 28. c4 Ng6 29. R4f2 Qa4 30. Qc3 b6 31. b4 Rc8 32. g5 Ne5 33. Rf4 Qd7 34. h4 Qd8 35. Kh1 Rec7 36. c5 bxc5 37. bxc5 Rxc5 38. Qa3 a5 39. Qe3 Rc4 40. h5 Qxg5 41. Rxc4 Qxh5+ 42. Kg1 Rxc4 43. Qb6 h6 44. Qxd6 Rg4 45. Qc5 Qg6 46. Rf2 Nd3 47. Qc8+ Kh7 48. Rd2 Nf4 49. Qc2 Qxc2 50. Rxc2 Nxg2 51. d6 Nf4+ 52. Kf1 Ne6 53. Rd2 Rd4 54. Ra2 Rxd6 55. Rxa5 Kg6 56. Kg2 h5 57. Kh3 Kh6 58. Kh4 g5+ 59. Kh3 Rd3+ 60. Kg2 h4 61. Kf2 Kh5 62. Ra8 Kg4 63. Ra4+ Nf4 64. Kg1 h3 65. Ra2 Kh4 66. Rf2 Rd1+ 67. Kh2 Rd4 68. Rf1 g4 69. Kh1 g3 70. Re1 f5 71. Rc1 Kg4 72. Rf1 Re4 73. Rd1 Nd3 74. Kg1 Re1+ 75. Rxe1 Nxe1 76. Kh1 f4 77. Kg1 f3 78. Kh1 Nd3 79. Kg1 h2+ 80. Kf1 g2# 0-1


[Site "https://www.chess.com"]

[Event "Titled Tuesday Blitz June 21 Early 2022"]
[White "Goltseva, Ekaterina"]
[Black "Molina, Roberto Junio Brito"]
[WhiteFideId "24173770"]
[BlackFideId "2109450"]
[WhiteElo "2086"]
[BlackElo "2432"]
[Result "0-1"]
[Round "05"]
[TimeControl "180+1"]
[Date "2022.06.22"]
[WhiteClock "0:00:02"]
[BlackClock "0:00:23"]

1. d4 c6 2. c4 d5 3. cxd5 cxd5 4. Bf4 Nf6 5. Nc3 Qb6 6. e3 Qxb2 7. Bb5+ Bd7 8. Bxd7+ Nbxd7 9. Nge2 Qa3 10. Rb1 b6 11. O-O a6 12. Rb3 Qa5 13. a4 e6 14. Qb1 Be7 15. Bc7 O-O 16. Bxb6 Nxb6 17. Rxb6 Rfc8 18. Rc1 Ba3 19. Rc2 Ne4 20. Rb3 Bf8 21. f3 Nd6 22. Kf2 g6 23. Nf4 Bh6 24. g3 Bxf4 25. gxf4 Qd8 26. Ne2 Nc4 27. Qc1 Rcb8 28. Rcc3 Qa5 29. Qb1 Rc8 30. Qa2 Rab8 31. Rxb8 Rxb8 32. Rb3 Rb4 33. Rxb4 Qxb4 34. Qc2 Kg7 35. Nc3 Qa3 36. Ke2 Qa1 37. Nb1 Nb6 38. Nc3 Qh1 39. Kd3 Qxf3 40. Qb3 Nc4 41. Qb7 Qxe3+ 42. Kc2 Qd2+ 43. Kb1 Qxc3 44. Qxa6 Qxd4 0-1


[Site "https://www.chess.com"]

[Event "Titled Tuesday Blitz June 21 Early 2022"]
[White "Gracia Alvarez, Gerardo Antonio"]
[Black "Matinian, Nikita"]
[WhiteFideId "5109124"]
[BlackFideId "24129100"]
[WhiteElo "2139"]
[BlackElo "2422"]
[Result "0-1"]
[Round "05"]
[TimeControl "180+1"]
[Date "2022.06.21"]
[WhiteClock "0:00:06"]
[BlackClock "0:01:22"]

1. e4 c5 2. Nc3 Nc6 3. Bb5 Nd4 4. Nf3 a6 5. Bd3 g6 6. Rb1 Nc6 7. a3 b5 8. b4 c4 9. Be2 Bg7 10. Bb2 Nf6 11. Nd5 O-O 12. Nxf6+ exf6 13. O-O d5 14. d3 dxe4 15. dxe4 Qe7 16. Nd4 Bb7 17. Nxc6 Bxc6 18. Bf3 Rad8 19. Qe2 Rfe8 20. Rfe1 f5 21. Bxg7 Kxg7 22. e5 Bxf3 23. Qxf3 Rd4 24. Qc6 Qe6 25. Qc7 Rd2 26. c3 Red8 27. h3 R8d3 28. a4 Rxc3 29. axb5 axb5 30. Qb7 Rcc2 31. Rf1 Qxe5 32. Rbe1 Qd5 33. Qc7 c3 34. Re5 Qd6 35. Qxd6 Rxd6 36. Rxb5 Rc6 37. Rc5 Rxc5 38. bxc5 Kf6 39. Rd1 Rd2 40. Rc1 c2 41. Kh2 Ke6 42. Kg3 Kd5 0-1


[Site "https://www.chess.com"]

[Event "Titled Tuesday Blitz June 21 Early 2022"]
[White "Grischuk, Alexander"]
[Black "Xu, Yi"]
[WhiteFideId "4126025"]
[BlackFideId "8605564"]
[WhiteElo "2762"]
[BlackElo "2471"]
[Result "1/2-1/2"]
[Round "05"]
[TimeControl "180+1"]
[Date "2022.06.21"]
[WhiteClock "0:00:03"]
[BlackClock "0:00:11"]

1. d4 Nf6 2. c4 e6 3. Nc3 Bb4 4. e3 O-O 5. Bd3 d5 6. a3 Bxc3+ 7. bxc3 dxc4 8. Bxc4 c5 9. Ne2 Qc7 10. Bd3 b6 11. e4 Ba6 12. O-O Bxd3 13. Qxd3 Nc6 14. Bg5 Nd7 15. Rad1 Na5 16. Bf4 e5 17. Bg3 Rfe8 18. d5 c4 19. Qf3 Qd6 20. Bh4 f6 21. Qg4 Kh8 22. Bg3 Nb3 23. h4 Ndc5 24. h5 Nd3 25. Bh4 Nf4 26. Nxf4 exf4 27. f3 Rad8 28. h6 g5 29. Bf2 Qxa3 30. Bd4 Nxd4 31. Rxd4 Qxc3 32. Rfd1 Qe3+ 33. Kh2 c3 34. Rc4 Qe2 35. Rdd4 Qe1 36. Rc7 b5 37. Qh5 Qg3+ 38. Kh1 Qe1+ 39. Kh2 Qg3+ 40. Kh1 Qe1+ 41. Kh2 1/2-1/2


[Site "https://www.chess.com"]

[Event "Titled Tuesday Blitz June 21 Early 2022"]
[White "Guz, Ari"]
[Black "Sukandar, Irine Kharisma"]
[WhiteFideId "2825759"]
[BlackFideId "7101937"]
[WhiteElo "1913"]
[BlackElo "2293"]
[Result "0-1"]
[Round "05"]
[TimeControl "180+1"]
[Date "2022.06.22"]
[WhiteClock "0:00:04"]
[BlackClock "0:00:12"]

1. e4 d5 2. exd5 Qxd5 3. Nf3 Nf6 4. Nc3 Qa5 5. h3 c6 6. Bc4 Bf5 7. d3 e6 8. Bd2 Qc7 9. Qe2 Be7 10. g4 Bg6 11. Ne4 Nbd7 12. Bc3 O-O-O 13. O-O-O Nb6 14. Bb3 Nbd5 15. Be5 Qa5 16. Bg3 Nxe4 17. dxe4 Nc3 18. Rxd8+ Rxd8 19. Qc4 Nxe4 20. Be5 Ng5 21. Bc3 Qb6 22. Ne5 Be4 23. Re1 Bd5 24. Qf4 Nxh3 25. Qxf7 Bg5+ 26. Kb1 Qxf2 27. Qxf2 Nxf2 28. Nf7 Ne4 29. Nxd8 Nxc3+ 30. bxc3 Kxd8 31. c4 Bf3 32. c5 Bxg4 33. Rg1 h5 34. Bxe6 Be3 35. Rg3 Bf2 36. Rd3+ Ke7 37. Bxg4 hxg4 38. Rd6 Kf7 39. Rd7+ Kf6 40. Rd6+ Kg5 41. Rd7 Kh6 42. Rd6+ Kh7 43. Rd4 g3 44. Rg4 Kh6 45. Kc1 g5 46. Kd1 Kh5 47. Re4 g2 0-1


[Site "https://www.chess.com"]

[Event "Titled Tuesday Blitz June 21 Early 2022"]
[White "Hakobyan, Aram"]
[Black "Barp, Alberto"]
[WhiteFideId "13306677"]
[BlackFideId "872555"]
[WhiteElo "2557"]
[BlackElo "2229"]
[Result "0-1"]
[Round "05"]
[TimeControl "180+1"]
[Date "2022.06.21"]
[WhiteClock "0:00:05"]
[BlackClock "0:00:20"]

1. d4 d5 2. Nf3 Nf6 3. c3 g6 4. Bf4 Bg7 5. e3 O-O 6. Nbd2 Nbd7 7. h4 h5 8. Ne5 c5 9. Bd3 Nxe5 10. Bxe5 Qb6 11. Rb1 Ng4 12. Bxg7 Kxg7 13. O-O e5 14. dxc5 Qxc5 15. Be2 Rd8 16. Nf3 Bf5 17. Rc1 Qe7 18. g3 Rac8 19. Qa4 a6 20. Rfd1 Qf6 21. Rf1 Bd7 22. Qd1 Bc6 23. Ng5 d4 24. cxd4 exd4 25. Bxg4 dxe3 26. fxe3 Rxd1 27. Rcxd1 Qe5 28. Rxf7+ Kg8 29. Bd7 Qxe3+ 30. Rf2 Qxg3+ 31. Kf1 Bxd7 32. Rxd7 Rc1+ 33. Rd1 Rxd1+ 34. Ke2 Rd2+ 35. Kxd2 Qxf2+ 0-1


[Site "https://www.chess.com"]